 Dungeon Crawl Stone Soup version 0.14-a0-848-g57a047c (webtiles) character file.

985 4tharraofdagon the Cleaver (level 7, -2/59 HPs)
             Began as a Lava Orc Gladiator on Nov 14, 2013.
             Was an Elder of Makhleb.
             Killed from afar by Erolcha (18 damage)
             ... with a bolt of cold
             ... on Level 8 of the Dungeon.
             The game lasted 00:13:16 (2449 turns).

4tharraofdagon the Cleaver (Lava Orc Gladiator)     Turns: 2449, Time: 00:13:16

HP  -2/59        AC 12     Str 26      XL: 7   Next: 67%
MP   7/7         EV  7     Int  8      God: Makhleb [****..]
Gold 147         SH  7     Dex 15      Spells:  0 memorised,  6 levels left

Res.Fire  : + + +   See Invis. : .   a - +0 orc hand axe (curse)
Res.Cold  : x . .   Warding    : .   x - +0 orc chain mail (curse)
Life Prot.: . . .   Conserve   : .   A - +0 buckler (curse)
Res.Poison: .       Res.Corr.  : .   c - +0 orc helmet
Res.Elec. : .       Clarity    : .   (no cloak)
Sust.Abil.: . .     Spirit.Shd : .   E - +1 pair of gloves of Jigsaw {Str+1 Dex+2}
Res.Mut.  : .       Stasis     : .   (no boots)
Res.Rott. : .       Flight     : .   (no amulet)
Saprovore : + . .                    C - +3 ring of protection
                                     v - +2 ring of dexterity

@: mighty, slightly resistant to hostile enchantments, extremely unstealthy
A: conserve scrolls, deformed body, saprovore 1
a: Minor Destruction, Lesser Servant of Makhleb, Major Destruction, Renounce
Religion


You were on level 8 of the Dungeon.
You worshipped Makhleb.
Makhleb was greatly pleased with you.
You were not hungry.

You visited 2 branches of the dungeon, and saw 9 of its levels.
You also visited: Ossuary.

You collected 147 gold pieces.

Inventory:

Hand weapons
 a - a cursed +0,+0 orcish hand axe (weapon)
 g - a +0,+0 hand axe
Missiles
 d - a throwing net (quivered)
 m - a throwing net [falling apart]
 p - a throwing net [torn]
 z - a throwing net [frayed]
Armour
 b - a +0 orcish leather armour
 c - a +0 orcish helmet (worn)
 n - a cursed +0 orcish chain mail
 q - a +0 scale mail
 x - a cursed +0 orcish chain mail (worn)
 A - a cursed +0 buckler (worn)
 E - the +1 pair of gloves of Jigsaw (worn) {Str+1 Dex+2}
   (You found it on level 6 of the Dungeon)

   It affects your strength (+1).
   It affects your dexterity (+2).
Magical devices
 k - a wand of flame (18)
 w - a wand of confusion (14)
 G - a wand of frost (9)
Comestibles
 f - 2 meat rations
 r - 2 bread rations
Scrolls
 e - a scroll of identify
 h - 3 scrolls of fog {unknown}
 i - 4 scrolls of teleportation
 j - a scroll of magic mapping
 l - 2 scrolls of enchant weapon I {unknown}
 o - 3 scrolls of remove curse
 u - a scroll of enchant armour {unknown}
 y - a scroll of random uselessness
 D - a scroll of immolation
 F - a scroll of amnesia
 L - a scroll of blinking {unknown}
Jewellery
 v - a +2 ring of dexterity (left hand)
 C - a +3 ring of protection (right hand)
Potions
 s - a potion of paralysis
 t - a potion of invisibility
 I - a potion of confusion
 M - a potion of berserk rage
Books
 B - a book of Burglary

   Spells                             Type                      Level
   Apportation                        Translocation                1
   Swiftness                          Charms/Air                   2
   Passwall                           Transmutation/Earth          3
   Passage of Golubria                Translocation                4
   Lee's Rapid Deconstruction         Earth                        5
   Darkness                           Hexes                        7


   Skills:
 + Level 5.5 Fighting
 * Level 8.0 Axes
 - Level 1.7 Throwing
 + Level 4.4 Armour
 - Level 2.4 Dodging
 + Level 1.4 Evocations


You had 6 spell levels left.
You didn't know any spells.

Dungeon Overview and Level Annotations

Branches:
Dungeon (8/16)             Temple (1/1) D:4
    Orc: D:6-11        Lair: D:8-13

Altars:
Ashenzari
Cheibriados
Fedhas
Kikubaaqudgha
Makhleb
Nemelex Xobeh
Okawaru
Trog
Vehumet
Yredelemnul

Annotations:
D:4 Duvessa
D:5 Sigmund
D:8 Erolcha


Innate Abilities, Weirdness & Mutations

You have stony skin.
Your flesh is almost immune to the effects of heat.
Your fire spells are more powerful.
Your flesh is vulnerable to cold.
Your heat harms attackers.
You bathe your surroundings in blazing heat.
You are too hot to use scrolls.
You are very good at protecting items from fire.
You can tolerate rotten meat.
Armour fits poorly on your strangely shaped body.


Message History

Erolcha is lightly wounded.
Erolcha closely misses you.
Unknown command.
You barely miss Erolcha.
Erolcha is lightly wounded.
Unknown command.
Drink which item? (? for menu, Esc to quit)
You feel very mighty all of a sudden.
Erolcha hits you with a giant spiked club!
* * * LOW HITPOINT WARNING * * *
Erolcha is singed by your heat.
Erolcha is lightly wounded.
Unknown command.
You slash Erolcha!
Erolcha is moderately wounded.
Erolcha is burned by your radiant heat.
Erolcha is moderately wounded.
Erolcha casts a spell at you. The bolt of cold hits you!
You feel a terrible chill!
You die...

#.# ...# #.#.##.#
#.#.##.# # #...
#.#
#..######.####.#
+..O..........<#
#..###.##.####.#
#..###O##.#....##
#.....@...f...<.#
#..$#..........##
.... #.>##.####.#
##...#..f.......#
b.......#?######
..##.#.#.#
....#.#.#
#.####.#.# ..#
#....


You could see Erolcha and 2 active ballistomycetes.

Vanquished Creatures
  Menkaure (Ossuary)
  A sky beast (D:7)
  An ice beast (D:8)
  2 giant frogs (D:6)
  2 orc priests (D:6)
  An orc wizard (D:6)
  A scorpion (D:5)
  3 worker ants
  Ijyb (D:3)
  An ogre skeleton (D:4)
  3 mummies (Ossuary)
  6 adders
  2 worms
  A scorpion zombie (D:6)
  A giant eyeball (D:6)
  2 giant geckos
  An ooze (D:5)
  8 orcs
  4 bats
  3 giant cockroaches
  A gnoll zombie (Ossuary)
  5 goblins
  8 hobgoblins
  8 jackals (D:6)
  4 training dummies (D:6)
  3 giant newts
  A gnoll skeleton (Ossuary)
  3 goblin skeletons
  2 goblin zombies (Ossuary)
  4 hobgoblin skeletons (Ossuary)
  A hobgoblin zombie (Ossuary)
  7 kobolds
  3 kobold skeletons (Ossuary)
  3 kobold zombies
  2 orc skeletons (Ossuary)
  6 orc zombies (Ossuary)
  2 quokkas
  A quokka zombie (D:7)
  3 rats
  5 rat skeletons (Ossuary)
  3 rat zombies
  A plant (D:3)
121 creatures vanquished.

Vanquished Creatures (others)
  A giant spore (D:8)
  A goblin skeleton (Ossuary)
  3 goblin zombies (Ossuary)
  2 hobgoblin skeletons (Ossuary)
  A hobgoblin zombie (Ossuary)
  3 kobold skeletons (Ossuary)
  6 kobold zombies (Ossuary)
  An orc skeleton (Ossuary)
  An orc zombie (Ossuary)
  A rat skeleton (Ossuary)
  A ballistomycete (D:8)
21 creatures vanquished.

Grand Total: 142 creatures vanquished

Notes
Turn   | Place    | Note
--------------------------------------------------------------
     0 | D:1      | 4tharraofdagon, the Lava Orc Gladiator, began the quest for the Orb.
     0 | D:1      | Reached XP level 1. HP: 18/18 MP: 0/0
   160 | D:3      | Reached skill level 4 in Axes
   160 | D:3      | Reached skill level 1 in Armour
   160 | D:3      | Reached XP level 2. HP: 13/25 MP: 1/1
   276 | D:3      | Noticed Ijyb
   299 | D:3      | Killed Ijyb
   299 | D:3      | Reached XP level 3. HP: 27/31 MP: 2/2
   406 | D:4      | Found a staircase to the Ecumenical Temple.
   416 | Temple   | Entered the Ecumenical Temple
   461 | Temple   | Became a worshipper of Makhleb the Destroyer
   505 | D:4      | Reached XP level 4. HP: 33/38 MP: 3/3
   549 | D:5      | Entered Level 5 of the Dungeon
   550 | D:5      | Noticed Sigmund
   553 | D:5      | Noticed a centaur
   554 | D:5      | FAGGATS
   568 | D:4      | Noticed Duvessa
   569 | D:4      | timbw: lol
   571 | D:4      | timbw: that stair
   571 | D:4      | 4tharraofdagon: im ded
   571 | D:4      | timbw: :(
   698 | D:2      | timbw: im happy as long as i reach lair
   707 | D:2      | Acquired Makhleb's first power
   711 | D:2      | timbw: in 4k turns
   743 | D:2      | timbw: or find something good
   753 | D:2      | Reached skill level 5 in Axes
   892 | D:2      | Found a sparkling altar of Nemelex Xobeh.
  1176 | D:4      | Acquired Makhleb's second power
  1218 | D:4      | Noticed a slave
  1292 | D:4      | Reached XP level 5. HP: 24/45 MP: 4/4
  1439 | D:6      | Found a shattered altar of Ashenzari.
  1539 | D:6      | Reached skill level 6 in Axes
  1539 | D:6      | Paralysed by a giant eyeball for 2 turns
  1547 | D:6      | Paralysed by a giant eyeball for 2 turns
  1590 | D:6      | Reached XP level 6. HP: 41/52 MP: 5/5
  1648 | D:6      | Found an iron altar of Okawaru.
  1746 | D:6      | Reached skill level 7 in Axes
  1785 | D:6      | Got a pair of encrusted gloves
  1788 | D:6      | Identified the +1 pair of gloves of Jigsaw {Str+1 Dex+2} (You found it on level 6 of the Dungeon)
  1902 | D:7      | timbw: did u get a portal?
  1906 | D:7      | timbw: on this floor
  1968 | D:7      | Found a sand-covered staircase.
  1983 | D:7      | Reached skill level 5 in Fighting
  1983 | D:7      | Reached XP level 7. HP: 53/59 MP: 6/6
  1991 | D:7      | Gained mutation: You are dopey. (Int -2) [mutagenic meat]
  1995 | D:7      | D
  1997 | Ossuary  | Entered an ossuary
  2002 | Ossuary  | Acquired Makhleb's third power
  2255 | Ossuary  | Noticed Menkaure
  2280 | Ossuary  | Killed Menkaure
  2280 | Ossuary  | Acquired Makhleb's fourth power
  2294 | Ossuary  | Reached skill level 1 in Evocations
  2329 | Ossuary  | Gained mutation: You can spit poison. [potion of mutation]
  2329 | Ossuary  | Gained mutation: You digest meat inefficiently. [potion of mutation]
  2329 | Ossuary  | Gained mutation: Armour fits poorly on your strangely shaped body. [potion of mutation]
  2333 | Ossuary  | Lost mutation: You are dopey. (Int -2) [potion of cure mutation]
  2333 | Ossuary  | Lost mutation: You can spit poison. [potion of cure mutation]
  2333 | Ossuary  | Lost mutation: You digest meat inefficiently. [potion of cure mutation]
  2335 | Ossuary  | timbw: ..
  2335 | Ossuary  | FU
  2359 | D:7      | 4tharraofdagon: time to splat
  2436 | D:8      | Noticed Erolcha
  2443 | D:8      | Reached skill level 8 in Axes
  2449 | D:8      | Killed from afar by Erolcha

Action                   |  1- 3 |  4- 6 |  7- 9 || total
-------------------------+-------+-------+-------++-------
Melee: Hand axe          |   106 |   260 |   109 ||   475
Throw: Throwing net      |     2 |       |     2 ||     4
Evoke: Wand              |       |     2 |       ||     2
  Use: Potion            |     2 |     3 |     4 ||     9
       Scroll            |       |    10 |     4 ||    14
 Stab: Held in net/web   |     2 |       |     2 ||     4
